 Dungeon Crawl Stone Soup version 0.27.0-1-g7a089689b8 (webtiles) character file.

Game seed: 12523214367629225705

2128 EnegeticOcto the Cleaver (level 9, 0/79 HPs)
             Began as a Minotaur Fighter on Aug 5, 2021.
             Was a Priest of Qazlal.
             Slain by an unseen horror (8 damage)
             ... on level 6 of the Dungeon.
             The game lasted 00:02:08 (3888 turns).

EnegeticOcto the Cleaver (Minotaur Fighter)         Turns: 3888, Time: 00:02:09

Health: 0/79       AC: 13    Str: 23    XL:     9   Next: 8%
Magic:  11/11      EV: 12    Int:  5    God:    Qazlal [***...]
Gold:   196        SH: 20    Dex: 11    Spells: 8/8 levels left

rFire    . . .     SeeInvis .   a - +1 war axe
rCold    . . .     Faith    .   c - +0 kite shield
rNeg     . . .     Spirit   .   b - +0 scale mail
rPois    .         Reflect  +   (helmet restricted)
rElec    .         Harm     .   f - +1 cloak
rCorr    .         Rampage  .   s - +2 pair of gloves
Will     .....                  (no boots)
Stlth    ..........             j - amulet of reflection
HPRegen  0.23/turn              l - +4 ring of evasion
MPRegen  0.12/turn              (no ring)

@: no status effects
A: horns 2, retaliatory headbutt
a: Renounce Religion, Upheaval, Elemental Force


You were on level 6 of the Dungeon.
You worshipped Qazlal.
Qazlal was most pleased with you.
You visited 1 branch of the dungeon, and saw 6 of its levels.

You collected 368 gold pieces.
You spent 172 gold pieces at shops.

Inventory:

Hand Weapons
 a - a +1 war axe (weapon)
Armour
 b - a +0 scale mail (worn)
 c - a +0 kite shield (worn)
 f - a +1 cloak (worn)
 s - a +2 pair of gloves (worn)
Jewellery
 j - an amulet of reflection (around neck)
 l - a +4 ring of evasion (left hand)
 m - a ring of poison resistance
 r - a ring of ice
Wands
 p - a wand of iceblast (27) {@v2}
 u - a wand of mindburst (13)
Scrolls
 q - a scroll of fog
Potions
 d - 2 potions of might {@q3}
 e - a potion of heal wounds {@q2}
 k - a potion of attraction
 v - a potion of resistance {unknown}
 x - a potion of curing {@q1}


   Skills:
 + Level 7.0 Fighting
 * Level 8.7 Axes
 + Level 6.8 Armour
 + Level 6.8 Shields
 + Level 4.4 Invocations


You had 8 spell levels left.
You didn't know any spells.
Your spell library was empty.

Dungeon Overview and Level Annotations

Branches:
Dungeon (6/15)             Temple (0/1) D:4

Altars:
Qazlal
The Shining One

Shops:
D:4 :   D:6 [

Annotations:
D:6 1 runed translucent door, MisterFreud's ghost, novice GrFi


Innate Abilities, Weirdness & Mutations

You have a pair of horns on your head.
You reflexively headbutt those who attack you in melee.


Message History

You destroy the necrophage!
Qazlal accepts your kill.
You hit the sky beast. You block the sky beast's attack.
Your Fighting skill increases to level 7!
You have reached level 9!
Your experience leads to an increase in your attributes!
Increase (s)trength, (i)ntelligence, or (d)exterity?
You feel stronger.
You hit the sky beast.
The sky beast is moderately wounded.
The sky beast closely misses you.
You barely miss the sky beast.
The sky beast is moderately wounded.
You block the sky beast's attack. x2
You slash the sky beast!
The sky beast is heavily wounded.
You block the sky beast's attack.
You slash the sky beast! You headbutt the sky beast.
You kill the sky beast!
Qazlal accepts your kill. Something hits you but does no damage.
Deactivating autopickup; reactivate with Ctrl-A.
No target in view!
No target in view!
No target in view!
No target in view!
No target in view!
No target in view!
No target in view!
No target in view!
No target in view!
No target in view!
No target in view!
No target in view!
Something hits you. You block something's attack. Something hits you.
Something hits you but does no damage. Something hits you! Something hits you.
No target in view!
No target in view!
No target in view!
No target in view!
No target in view!
Something hits you.
Found a ring mail and 15 stones.
You block something's attack.
Found 7 sling bullets.
Something hits you but does no damage. You block something's attack.
Something hits you but does no damage.
Things that are here:
a +0 giant spiked club; a necrophage corpse; an ogre corpse You block something's attack.
Something hits you. Something hits you but does no damage.
Something hits you but does no damage. Something hits you!
You completely miss something. You headbutt something!
Something hits you but does no damage.
You miss something. Your headbutt misses something.
Something barely misses you. Something hits you. x2
Something barely misses you. Something hits you but does no damage.
Things that are here:
a +0 giant spiked club; a necrophage corpse; an ogre corpse Something hits you.
A centaur zombie comes into view.
Something hits you.
* * * LOW HITPOINT WARNING * * *
Something hits you but does no damage. You block something's attack.
Something hits you but does no damage. Something hits you.
* * * LOW HITPOINT WARNING * * *
Something hits you but does no damage. Something hits you but does no damage.
The centaur zombie is struck by lightning.
The centaur zombie misses you. You block the centaur zombie's attack.
Something barely misses you.
You block the centaur zombie's attack. x2
You block something's attack. Something hits you but does no damage.
Things that are here:
a +0 giant spiked club; a necrophage corpse; an ogre corpse Something hits you but does no damage.
Something hits you.
* * * LOW HITPOINT WARNING * * *
Something hits you but does no damage. Something hits you but does no damage.
Something hits you but does no damage. Something barely misses you.
Something hits you!
* * * LOW HITPOINT WARNING * * *
You barely miss something. Something hits you but does no damage.
Something hits you.
* * * LOW HITPOINT WARNING * * *
You block the centaur zombie's attack. x2
You slash the centaur zombie!
The centaur zombie is severely damaged.
You hit something. Something hits you!
You die...

#.........$.#..#.#..##.
#..#.#)####.#..#.#..##.
#......[.......#.#..##.
#..#.#.####.#.[........
#.(#.#.# #.#.##.#..##.
... ..#.# #.#.##.#..##.
.. .. #.# #.#.##.#...
.. #Z####.#. #.# ...
#@....... ######.#.


You could see a centaur zombie.

Vanquished Creatures
  Maggie (D:6)
  2 water moccasins
  A sky beast (D:6)
  3 ice beasts
  2 ogres
  2 necrophages
  A phantom (D:5)
  A bullfrog (D:3)
  5 scorpions
  A howler monkey (D:5)
  A hound (D:4)
  2 bullfrog zombies
  2 orc priests (D:5)
  A bullfrog skeleton (D:4)
  A centaur skeleton (D:5)
  A scorpion zombie (D:5)
  2 orc wizards (D:5)
  Robin (D:3)
  9 adders
  A shadow imp (D:5)
  An ufetubus (D:5)
  An adder skeleton (D:4)
  A worm (D:3)
  3 dart slugs
  7 orcs (D:5)
  5 bats
  3 endoplasms
  5 giant cockroaches
  16 goblins
  15 hobgoblins
  3 quokkas
  7 ball pythons
  4 frilled lizards
  5 kobolds
  4 rats
120 creatures vanquished.

Vanquished Creatures (others)
  A demonic plant (D:1)
  A withered plant (D:1)
2 creatures vanquished.

Grand Total: 122 creatures vanquished

Notes
Turn   | Place    | Note
-------+----------+-------------------------------------------
     0 | D:1      | EnegeticOcto the Minotaur Fighter began the quest for the
                  | Orb.
     0 | D:1      | Reached XP level 1. HP: 19/19 MP: 0/0
   140 | D:1      | Found a faded altar of an unknown god.
   191 | D:1      | Reached XP level 2. HP: 21/27 MP: 1/1
   214 | D:1      | Became a worshipper of Qazlal Stormbringer
   214 | D:1      | Reached * piety under Qazlal
   378 | D:1      | Reached skill level 3 in Axes
   622 | D:2      | Found a glowing golden altar of the Shining One.
   726 | D:2      | Reached XP level 3. HP: 32/33 MP: 2/2
  1050 | D:2      | Reached ** piety under Qazlal
  1261 | D:3      | Noticed Robin
  1264 | D:3      | Reached XP level 4. HP: 38/40 MP: 3/3
  1265 | D:3      | Killed Robin
  1376 | D:3      | Reached skill level 4 in Axes
  1490 | D:3      | Noticed a bullfrog
  1496 | D:3      | Killed a bullfrog
  1497 | D:3      | Reached skill level 1 in Invocations
  1497 | D:3      | Reached XP level 5. HP: 43/47 MP: 4/4
  1874 | D:4      | Found Matwal's Self-Improvement Boutique.
  1881 | D:4      | Reached XP level 6. HP: 55/55 MP: 6/6
  1891 | D:4      | Reached skill level 5 in Axes
  2246 | D:4      | Reached *** piety under Qazlal
  2250 | D:4      | Reached skill level 5 in Fighting
  2361 | D:4      | Found a staircase to the Ecumenical Temple.
  2382 | D:5      | Entered Level 5 of the Dungeon
  2439 | D:5      | Reached skill level 5 in Shields
  2450 | D:5      | Reached skill level 5 in Armour
  2450 | D:5      | Reached XP level 7. HP: 59/61 MP: 7/7
  2559 | D:5      | Reached skill level 6 in Axes
  2654 | D:5      | Reached XP level 8. HP: 7/70 MP: 5/9
  2656 | D:5      | HP: 3/70 [poisoned by a scorpion]
  2660 | D:5      | Reached skill level 7 in Axes
  3549 | D:6      | Found Tiravou's Antique Armour Shoppe.
  3559 | D:6      | Bought a glowing cloak for 172 gold pieces
  3613 | D:6      | Found a runed translucent door.
  3616 | D:6      | Noticed MisterFreud's ghost (novice GrFi)
  3632 | D:6      | Noticed Maggie
  3640 | D:6      | Killed Maggie
  3641 | D:6      | Reached skill level 8 in Axes
  3846 | D:6      | Reached XP level 9. HP: 65/79 MP: 11/11
  3888 | D:6      | Slain by an unseen horror

Illustrated notes

Levels and vault maps discovered:
D:1:      ncdulo_smallfort, layout_basic, shapermc_ecumenical_altar_gd
D:2:      layout_basic, basic_altar, st_stairs_1, minmay_tromino_i2
D:3:      layout_basic, uniq_robin
D:4:      cheibrodos_greedy_goblins, layout_rooms, temple_fountains,
          amcnicky_mini_pool_small, nicolae_shop_self_help
D:5:      layout_gridville
D:6:      layout_basic, serial_shops, nicolae_lakefront_shop,
          ebering_ghost_reflecting_pool, minmay_manual_monolith, uniq_maggie

Skill      XL: |  1  2  3  4  5  6  7  8 |
---------------+-------------------------+-----
Axes           | 3 4 5 6 8 |  8.7
Fighting       | 4 5 7 |  7.0
Armour         | 4 5 6 |  6.8
Shields        | 4 5 6 |  6.8
Invocations    | 1 2 3 4 |  4.4

Action                   |  1- 3 |  4- 6 |  7- 9 || total
-------------------------+-------+-------+-------++-------
Melee: War axe           |    84 |   145 |    98 ||   327
       Headbutt          |     8 |    25 |    30 ||    63
Invok: Upheaval          |       |       |     1 ||     1
  Use: Scroll            |       |       |    11 ||    11
       Potion            |       |       |     4 ||     4
Armor: Scale mail        |    28 |    26 |    47 ||   101
Dodge: Dodged            |    26 |    37 |    39 ||   102
Block: Kite shield       |    70 |   139 |   121 ||   330
       Reflection        |       |     2 |       ||     2
